 Dungeon Crawl Stone Soup version 0.25-a0-1002-gbcf8c60d55 (webtiles) character file.

Game seed: 3154373719768912878, levelgen mode: deterministic

109 Chiseanne the Skirmisher (level 4, -4/34 HPs)
             Began as a Demonspawn Wanderer on May 11, 2020.
             Killed by nerve-wracking pain
             ... invoked by an orc priest
              (14 damage)
             ... on level 2 of the Dungeon.
             The game lasted 00:07:07 (4414 turns).

Chiseanne the Skirmisher (Demonspawn Wanderer)      Turns: 4414, Time: 00:07:08

Health: -4/34      AC:  3    Str:  8    XL:     4   Next: 59%
Magic:  0/7        EV: 14    Int: 17    God:
Gold:   131        SH:  0    Dex: 14    Spells: 6/7 levels left

rFire    + . .     SeeInvis +   a - +1 quarterstaff
rCold    . . .     Gourm    .   (shield currently unavailable)
rNeg     . . .     Faith    .   d - +0 robe
rPois    .         Spirit   .   (no helmet)
rElec    .         Reflect  .   (no cloak)
rCorr    .         Harm     .   h - +0 pair of gloves
MR       .....                  (no boots)
Stlth    +.........             (no amulet)
HPRegen  0.11/turn              e - ring of protection from fire
MPRegen  0.10/turn              t - ring of see invisible

@: no status effects
A: repulsion field 1
a: no special abilities


You were on level 2 of the Dungeon.
You were very hungry.

You visited 1 branch of the dungeon, and saw 3 of its levels.

You collected 131 gold pieces.

Inventory:

Hand Weapons
 a - a +1 quarterstaff (weapon)
 s - a +0 dagger
Missiles
 g - 16 poisoned darts (quivered)
 l - 5 sling bullets
 o - 45 stones
Armour
 d - a +0 robe (worn)
 h - a +0 pair of gloves (worn)
Magical Staves
 u - an uncursed staff of poison {unknown}
Jewellery
 e - a ring of protection from fire (left hand)
 t - a ring of see invisible (right hand)
 w - an uncursed ring of flight {unknown}
Scrolls
 b - a scroll of teleportation
 k - a scroll of amnesia
 q - a scroll of fog
Potions
 c - 3 potions of lignification
 i - a potion of degeneration {unknown}
 j - a potion of curing {unknown}
 m - a potion of heal wounds {unknown}
 n - a potion of brilliance {unknown}
 p - 3 potions of magic {unknown}
 r - 2 potions of ambrosia {unknown}
Comestibles
 f - 12 rations


   Skills:
 * Level 2.9 Fighting
   Level 1.7 Long Blades
 - Level 1.0 Throwing
 * Level 2.1 Dodging
   Level 1.0 Shields
 * Level 2.0 Spellcasting
 * Level 2.0 Conjurations
   Level 1.0 Hexes
   Level 1.0 Ice Magic


You had 6 spell levels left.
You knew the following spells:

 Your Spells              Type           Power        Failure   Level  Hunger
a - Magic Dart            Conj           #...         9%          1    #......

Your spell library contained the following spells:

 Spells                   Type           Power        Failure   Level  Hunger
 Slow                     Hex            #.......     19%         2    ###....
 Blink                    Tloc           N/A          28%         2    ###....
 Call Imp                 Summ           #.......     28%         2    ###....
 Conjure Flame            Conj/Fire      #.......     36%         3    ###....
 Mephitic Cloud           Conj/Pois/Air  #.......     41%         3    ###....


Dungeon Overview and Level Annotations

Branches:
Dungeon (3/15)

Altars:
Fedhas
Hepliaklqana
Makhleb
The Shining One

Annotations:
D:3 2 transporters


Innate Abilities, Weirdness & Mutations

You are surrounded by a mild repulsion field. (EV +2)


Message History

The orc priest is heavily wounded.
The orc priest hits you but does no damage.
Casting: Magic Dart (safe; 9% risk of failure)
Confirm with . or Enter, or press ? or * to list all spells.
Aiming: Magic Dart (safe; 9% risk of failure)
Press: ? - help, Shift-Dir - straight line, f/p - orc priest
Aim: an orc priest, wielding a +0 whip and wearing a +0 leather armour (heavily wounded)
The magic dart hits the orc priest but does no damage.
The orc priest is heavily wounded.
The orc priest barely misses you.
Casting: Magic Dart (safe; 9% risk of failure)
Confirm with . or Enter, or press ? or * to list all spells.
Aiming: Magic Dart (safe; 9% risk of failure)
Press: ? - help, Shift-Dir - straight line, f/p - orc priest
Aim: an orc priest, wielding a +0 whip and wearing a +0 leather armour (heavily wounded)
The magic dart hits the orc priest.
The orc priest is heavily wounded.
The orc priest mumbles some strange prayers to Beogh against you.
Pain shoots through your body!
You die...

#.# #.##..#.##
#≈≈≈.###.. #.#
#.##.#..# ######
### ###.#
#.......# #.# #
....# ####.####
#.######## #####
#.# ##.........
#.# ##...#######
#.##### #.....#
## #.....#
##...#### .#
#####@# #.......#
.#
#o#####.#.###.#
.# #.........#
#.# .#
#######.#.# #.#
.# #.#.###.# .#
#.......# .#
###.##### ## #.#
##########.######


You could see an orc priest.

Vanquished Creatures
  An orc wizard (D:3)
  An adder (D:2)
  An ooze (D:1)
  3 dart slugs
  A leopard gecko (D:2)
  3 orcs
  6 bats
  2 giant cockroaches (D:3)
  6 goblins
  7 hobgoblins
  3 jackals (D:1)
  A quokka (D:3)
  2 ball pythons
  A frilled lizard (D:2)
  5 kobolds
  15 rats
58 creatures vanquished.

Notes
Turn   | Place    | Note
-------+----------+-------------------------------------------
     0 | D:1      | Chiseanne the Demonspawn Wanderer began the quest for the
                  | Orb.
     0 | D:1      | Chiseanne set off with the following items: a +0 falchion,
                  | a scroll of teleportation, a +0 robe, a ration; and the
                  | following spell memorised: Magic Dart; and the following
                  | spells available to memorise: Slow, Blink, Call Imp,
                  | Conjure Flame, Mephitic Cloud
     0 | D:1      | Reached XP level 1. HP: 16/16 MP: 2/2
   372 | D:1      | Gained mutation: You are surrounded by a mild repulsion
                  | field. (EV +2) [demonic ancestry]
   372 | D:1      | Reached XP level 2. HP: 5/22 MP: 3/3
   909 | D:1      | Reached skill level 1 in Conjurations
  1002 | D:1      | Reached XP level 3. HP: 13/28 MP: 5/5
  1694 | D:2      | Found a glowing golden altar of the Shining One.
  2491 | D:2      | Found a burning altar of Makhleb.
  3208 | D:3      | Found a transporter.
  3215 | D:3      | Found a transporter.
  3511 | D:3      | Found a hazy altar of Hepliaklqana.
  3594 | D:3      | Reached XP level 4. HP: 34/34 MP: 1/6
  3644 | D:3      | Found a blossoming altar of Fedhas.
  4414 | D:2      | Killed from afar by an orc priest

Illustrated notes

Levels and vault maps discovered:
D:1:      ebering_trefoil_3fold, layout_basic, corexii_hall_statues_l
D:2:      layout_loops_corners, makhleb_grotto_becter, tso_altar
D:3:      gammafunk_steamed_eel, layout_loops_corners, fedhas_altar_3,
          lemuel_round_altar, first_ration, minivault_5,
          chequers_serial_rivers_small_a, dk_noncrumbling_3

Skill      XL: |  1  2  3  4 |
---------------+-------------+-----
Conjurations   | 1 2 |  2.0
Dodging        | 2 |  2.1
Spellcasting   | 2 |  2.0
Fighting       | |  2.9
Long Blades    | |  1.7
Throwing       | |  1.0
Shields        | |  1.0
Hexes          | |  1.0
Ice Magic      | |  1.0

Action                   |  1- 3 |  4- 6 || total
-------------------------+-------+-------++-------
Melee: Falchion          |   238 |       ||   238
       Quarterstaff      |     7 |    27 ||    34
Throw: Dart              |    20 |     2 ||    22
 Cast: Magic Dart        |    13 |    35 ||    48
  Use: Scroll            |     9 |     3 ||    12
 Stab: Sleeping          |     1 |       ||     1
  Eat: Chunk             |     6 |     2 ||     8
       Ration            |     1 |       ||     1
Armor: Robe              |    60 |     4 ||    64
Dodge: Dodged            |   195 |    32 ||   227
       Rpst.: Falchion   |    74 |       ||    74

Table legend:
 A = Non-vault XP
 B = Vault XP
 C = Vault XP percentage of total XP
 D = Non-vault monster count
 E = Vault monster count
 F = Vault count percentage of total count
                 A         B        C        D         E       F
            +---------+---------+-------+---------+---------+-------
      Total |     156 |       0 |   0.0 |      58 |       0 |   0.0
            +---------+---------+-------+---------+---------+-------
        D:1 |      53 |       0 |   0.0 |      28 |       0 |   0.0
        D:2 |      33 |       0 |   0.0 |      15 |       0 |   0.0
        D:3 |      70 |       0 |   0.0 |      15 |       0 |   0.0
            +---------+---------+-------+---------+---------+-------
